 Dungeon Crawl Stone Soup version 0.23.2-1-ga50397a (webtiles) character file.

Game seed: 14653989725038751319

47697 TanisTheRed the Blocker (level 14, -12/101 HPs)
             Began as a Human Fighter on May 6, 2019.
             Was an Initiate of Gozag.
             Killed from afar by a fire giant (18 damage)
             ... with a fireball
             ... on level 15 of the Dungeon on May 9, 2019.
             The game lasted 01:57:52 (25080 turns).

TanisTheRed the Blocker (Human Fighter)            Turns: 25080, Time: 01:57:52

Health: -12/101    AC: 25    Str: 35    XL:     14   Next: 83%
Magic:  28/28      EV: 21    Int: 11    God:    Gozag
Gold:   608        SH: 32    Dex: 24    Spells: 13/13 levels left

rFire    . . .     SeeInvis .   D - +5 scimitar of Hatred {slice, Str+4 Int+4}
rCold    + . .     Gourm    .   z - +5 large shield of Wauduupimn {rPois Str+4}
rNeg     + + +     Faith    .   Q - quicksilver dragon scales "Jossoq" {rPois rN+ MR+ Str+2 Int-3}
rPois    +         Spirit   .   U - +2 helmet
rElec    +         Reflect  +   x - +1 cloak
rCorr    .         Harm     .   (no gloves)
MR       ++...                  c - +2 pair of boots
Stlth    +++.......             y - +5 amulet of reflection
HPRegen  0.26/turn              u - ring of protection from cold
MPRegen  0.21/turn              C - ring "Heleelap" {rElec rN++ MP+9 Dex+6}

@: mighty, agile, very slightly contaminated
A: iridescent scales 1, thin metallic scales 1, MP-powered wands
a: Potion Petition, Call Merchant, Bribe Branch, Renounce Religion


You were on level 15 of the Dungeon.
You worshipped Gozag.
Gozag was pleased with you.
You were not hungry.

You visited 3 branches of the dungeon, and saw 18 of its levels.
You also visited: Ossuary and Gauntlet.

You collected 4189 gold pieces.
You spent 3192 gold pieces at shops.
You paid 389 gold pieces to Gozag.

Inventory:

Hand Weapons
 p - a +2 long sword of holy wrath
 B - a +1 shortbow of flaming
 D - the +5 scimitar of Hatred (weapon) {slice, Str+4 Int+4}
   (You found it on level 11 of the Dungeon)

   It inflicts extra damage upon your enemies.
   It affects your strength (+4).
   It affects your intelligence (+4).
 O - the +1 falchion of the Mouth {drain, rC+++ Int+4 Dex-4}
   (You found it in a Gauntlet)

   A truly terrible weapon, it drains the life of those it strikes.
   It affects your intelligence (+4).
   It affects your dexterity (-4).
   It renders you almost immune to cold.
 R - the +6 trident "Fed Nun" {freeze, rF+}
   (You found it in a Gauntlet)

   It has been specially enchanted to freeze those struck by it, causing extra
   injury to most foes and up to half again as much damage against particularly
   susceptible opponents.
   It can also slow down cold-blooded creatures.
   It protects you from fire.
 T - the +2 morningstar "Ladiches" {vamp, -Tele Int+3 Dex+5}
   (You found it on level 11 of the Dungeon)

   It inflicts no extra harm, but heals its wielder when it wounds a living foe.
   It affects your intelligence (+3).
   It affects your dexterity (+5).
   It prevents most forms of teleportation.
 V - a +5 short sword of freezing
 Z - a +3 scimitar of flaming
Missiles
 w - 25 tomahawks (quivered)
 N - 27 javelins
 P - 72 bolts
Armour
 c - a +2 pair of boots (worn)
 t - the +1 hat of Proximity {Str+3 Stlth-}
   (You found it in a Gauntlet)

   It affects your strength (+3).
   It makes you less stealthy.
 v - the +0 pair of boots "Zirghaxtilo" {rC- Str+6}
   (You found it on level 4 of the Dungeon)

   It affects your strength (+6).
   It makes you vulnerable to cold.
 x - a +1 cloak (worn)
 z - the +5 large shield of Wauduupimn (worn) {rPois Str+4}
   (You bought it in a shop on level 2 of the Orcish Mines)

   It affects your strength (+4).
   It protects you from poison.
 Q - the quicksilver dragon scales "Jossoq" (worn) {rPois rN+ MR+ Str+2 Int-3}
   (You bought it in a shop on level 2 of the Orcish Mines)

   It affects your strength (+2).
   It affects your intelligence (-3).
   It protects you from poison.
   It protects you from negative energy.
   It affects your resistance to hostile enchantments.
 U - a +2 helmet (worn)
Jewellery
 h - an uncursed ring of see invisible
 u - a ring of protection from cold (left hand)
 y - a +5 amulet of reflection (around neck)
 C - the ring "Heleelap" (right hand) {rElec rN++ MP+9 Dex+6}
   (You found it on level 13 of the Dungeon)

   [ring of magical power]

   It affects your dexterity (+6).
   It insulates you from electricity.
   It greatly protects you from negative energy.
   It affects your magic capacity (+9).
Wands
 b - a wand of digging (15)
 d - a wand of scattershot (6)
 k - a wand of acid (8)
 n - a wand of paralysis (4)
 H - a wand of flame (47)
 J - a wand of iceblast (7)
 W - a wand of polymorph (8)
Scrolls
 e - 2 scrolls of blinking
 g - 9 scrolls of remove curse
 l - 3 scrolls of fear
 m - 2 scrolls of enchant armour
 q - 2 scrolls of magic mapping
 s - 5 scrolls of enchant weapon
 E - 2 scrolls of immolation
 F - 3 scrolls of fog
 G - 7 scrolls of teleportation
 L - 5 scrolls of identify
Potions
 a - 2 potions of resistance {unknown}
 j - 3 potions of flight
 o - 4 potions of brilliance
 r - 5 potions of heal wounds
 A - 3 potions of curing
 I - a potion of haste
 K - 3 potions of ambrosia
 M - a potion of agility
Miscellaneous
 X - a box of beasts
 Y - a lightning rod (4/4)
Comestibles
 f - 10 rations


   Skills:
 + Level 6.8 Fighting
 + Level 6.8(8.8) Short Blades
 + Level 8.6(9.7) Long Blades
 * Level 7.6 Maces & Flails
   Level 6.9 Crossbows
 + Level 1.6 Throwing
 + Level 8.2 Armour
 * Level 7.8 Dodging
 + Level 1.0 Stealth
 * Level 12.4 Shields
 * Level 6.7 Unarmed Combat
 * Level 6.7 Evocations


You had 13 spell levels left.
You didn't know any spells.
Your spell library contained the following spells:

 Spells                   Type           Power        Failure   Level  Hunger
 Beastly Appendage        Tmut           #.....       93%         1    ##.....
 Confusing Touch          Hex            #.....       93%         1    ##.....
 Magic Dart               Conj           #...         93%         1    ##.....
 Shock                    Conj/Air       #...         93%         1    ##.....
 Summon Small Mammal      Summ           #...         93%         1    ##.....
 Call Imp                 Summ           #.......     98%         2    ###....
 Searing Ray              Conj           #.....       98%         2    ###....
 Sticks to Snakes         Tmut           #.......     98%         2    ###....
 Swiftness                Chrm/Air       #.......     98%         2    ###....
 Call Canine Familiar     Summ           #.......     100%        3    ####...
 Confuse                  Hex            #.......     100%        3    ####...
 Dazzling Spray           Conj/Hex       #.....       100%        3    ####...
 Gell's Gravitas          Tloc           #.........   100%        3    ####...
 Spider Form              Tmut/Pois      #.........   100%        3    ####...
 Static Discharge         Conj/Air       #.......     100%        3    ####...
 Summon Guardian Golem    Hex/Summ       #.......     100%        3    ####...
 Airstrike                Air            #.........   100%        4    #####..
 Force Lance              Conj/Tloc      #.......     100%        4    #####..
 Fulminant Prism          Conj/Hex       #.........   100%        4    #####..
 Ice Form                 Ice/Tmut       #.......     100%        4    #####..
 Iskenderun's Mystic Bla  Conj           #.......     100%        4    #####..
 Petrify                  Tmut/Erth      #.......     100%        4    #####..
 Summon Ice Beast         Ice/Summ       #.......     100%        4    #####..
 Summon Lightning Spire   Summ/Air       #.......     100%        4    #####..
 Blade Hands              Tmut           #.........   100%        5    ######.
 Excruciating Wounds      Chrm/Necr      #.........   100%        5    ######.
 Lightning Bolt           Conj/Air       #.........   100%        5    ######.
 Metabolic Englaciation   Hex/Ice        #.........   100%        5    ######.
 Summon Forest            Summ/Tloc      #.........   100%        5    ######.
 Yara's Violent Unravell  Hex/Tmut       #.........   100%        5    ######.


Dungeon Overview and Level Annotations

Branches:
Dungeon (15/15)            Temple (1/1) D:7             Orc (2/2) D:12
    Elf (0/3) Orc:2        Vaults (0/5) D:14         Depths (0/5) D:15
   Lair: D:8-11

Altars:
Ashenzari
Cheibriados
Dithmenos
Elyvilon
Fedhas
Gozag
Hepliaklqana
Kikubaaqudgha
Makhleb
Nemelex Xobeh
Okawaru
Qazlal
Ru
Sif Muna
Trog
Uskayaw
Vehumet
Wu Jian
Xom
Yredelemnul
Zin
The Shining One
Beogh

Shops:
D:8 *   D:11 *   Orc:2 *[(*

Portals:
Trove: D:12 (give 13 potions of heal wounds)

Annotations:
D:12 1 runed translucent door, krixvar's ghost, journeyman MiBe
D:14 Frances


Innate Abilities, Weirdness & Mutations

You are partially covered in iridescent scales. (AC +2)
You are partially covered in thin metallic scales. (AC +2)
You expend magic power (3 MP) to strengthen your wands.


Message History

You are very lightly contaminated with residual magic.
As you read the scroll of blinking, it crumbles to dust.
The fire giant casts a spell at you. The bolt of fire hits you!!
* * * LOW HITPOINT WARNING * * *
[a] - 696 gold - resistance, might and haste [b] - 1015 gold - resistance, invisibility, agility, haste and flight [c] - 216 gold - might and agility Purchase which effect? [a] - 696 gold - resistance, might and haste [b] - 1015 gold - resistance, invisibility, agility, haste and flight [c] - 216 gold - might and agility Purchase which effect?
You no longer have enough gold to fund merchants seeking to open stores in the dungeon.
You feel very mighty all of a sudden.
You feel agile all of a sudden.
You can't go down here!
The fire giant gestures at you while chanting.
The fireball explodes!
The fireball engulfs you!!
You die...
Your body crumbles into a pile of gold.

...........# ...........#
...........#
...........##
#####.......#############
#.#####.............#
.......#.............#
..........#............#
..≈≈#≈≈.......@........#
. ≈§≈≈#...............# .
≈§≈≈≈≈........(.....# .
.§.≈.§...#.##.......# .
.>..§.≈C.##.####..^.#
...≈≈§....##.# ....#
≈≈≈§§.....##.# ...
≈≈≈#./.#### ## #≈≈....#


You could see a fire giant.

Vanquished Creatures
  An orc warlord (Orc:2)
  Azrael (D:12)
  Erolcha (D:11)
  Fannar (D:12)
  2 hydras
  3 vault guards (D:14)
  8 two-headed ogres
  An orc high priest (Orc:1)
  An unseen horror (D:15)
  A wizard (D:13)
  4 orc knights
  3 orc sorcerers (Orc:2)
  A phantasmal warrior (D:14)
  A deep elf mage (D:12)
  6 ugly things
  2 manticores (D:12)
  A worldbinder (Gauntlet)
  A gargoyle (Gauntlet)
  An efreet (D:13)
  A rime drake (shapeshifter) (D:15)
  2 kobold demonologists
  A freezing wraith (D:14)
  A meliai (D:11)
  4 trolls
  11 slime creatures
  A hippogriff (D:9)
  10 flying skulls (Gauntlet)
  An air elemental (D:14)
  2 shadows
  2 water elementals
  A spriggan (D:9)
  Eustachio (D:5)
  2 wyverns
  16 yaks
  4 fire elementals
  A wraith (D:11)
  A vampire (D:12)
  9 humans (D:14)
  A basilisk (D:12)
  4 hungry ghosts
  A warg (Orc:1)
  A harpy simulacrum (D:14)
  Edmund (D:5)
  An acid dragon (D:13)
  A water moccasin (D:5)
  3 hell hounds
  A black bear (D:8)
  4 ice beasts
  2 sky beasts
  32 orc warriors
  A phantom (D:4)
  A necrophage (D:9)
  2 boggarts (Gauntlet)
  2 eyes of draining
  11 ogres
  2 centaurs
  2 crocodiles
  5 big kobolds
  6 bullfrogs
  An earth elemental (D:14)
  A water moccasin zombie (Ossuary)
  2 wyvern skeletons
  4 scorpions
  21 killer bees
  9 wights
  A howler monkey (D:10)
  2 electric eels (D:13)
  11 crimson imps
  2 bullfrog zombies (D:12)
  2 centaur zombies
  2 quasits
  6 jellies
  6 centaur skeletons
  8 hounds
  Crazy Yiuf (D:7)
  16 orc priests
  A bullfrog skeleton (D:11)
  Ijyb (D:5)
  Jessica (D:2)
  5 iguanas
  5 worker ants
  26 orc wizards
  2 big kobold zombies (Ossuary)
  2 hound zombies
  3 hound skeletons
  2 mummies (Ossuary)
  A worker ant zombie (D:9)
  17 adders
  A howler monkey skeleton (D:10)
  A shadow imp (D:6)
  An ooze (D:1)
  An adder skeleton (D:4)
  4 adder zombies
  3 worms
  2 dart slugs
  6 leopard geckos
  109 orcs
  A ball python (D:5)
  7 giant cockroaches
  3 gnoll zombies (Ossuary)
  3 goblins
  3 hobgoblins
  11 jackals
  4 quokkas
  7 bats
  3 frilled lizards
  6 hobgoblin zombies (Ossuary)
  23 kobolds
  5 kobold zombies (Ossuary)
  7 orc zombies (Ossuary)
  A quokka zombie (D:4)
  3 rats
571 creatures vanquished.

Vanquished Creatures (others)
  A minotaur (Gauntlet)
  A centaur (D:9)
  A shadow imp (D:13)
  A kobold (D:14)
  3 plants (D:12)
7 creatures vanquished.

Grand Total: 578 creatures vanquished

Notes
Turn   | Place    | Note
-------+----------+-------------------------------------------
     0 | D:1      | TanisTheRed the Human Fighter began the quest for the Orb.
     0 | D:1      | Reached XP level 1. HP: 18/18 MP: 1/1
    65 | D:1      | Reached XP level 2. HP: 12/24 MP: 2/2
   899 | D:2      | Reached XP level 3. HP: 27/29 MP: 3/3
  1307 | D:2      | Noticed Jessica
  1321 | D:2      | Killed Jessica
  1321 | D:2      | Reached skill level 1 in Dodging
  1321 | D:2      | Reached XP level 4. HP: 31/35 MP: 4/4
  1905 | D:3      | Reached XP level 5. HP: 40/41 MP: 5/5
  2492 | D:3      | Noticed a hungry ghost
  2576 | D:3      | Killed a hungry ghost
  2576 | D:3      | Reached XP level 6. HP: 12/48 MP: 6/6
  2874 | D:4      | Reached skill level 4 in Shields
  2885 | D:4      | Got a pair of bloodstained boots
  2891 | D:4      | Identified the cursed +0 pair of boots "Zirghaxtilo" {rC-
                  | Str+6} (You found it on level 4 of the Dungeon)
  3148 | D:4      | Reached skill level 1 in Short Blades
  3211 | D:4      | Noticed an ogre
  3247 | D:4      | Killed an ogre
  3247 | D:4      | Reached XP level 7. HP: 32/53 MP: 7/7
  3586 | D:4      | Reached skill level 5 in Armour
  3698 | D:4      | Reached XP level 8. HP: 51/60 MP: 8/8
  3912 | D:5      | Entered Level 5 of the Dungeon
  4100 | D:5      | Found a burning altar of Makhleb.
  4200 | D:5      | Noticed Edmund
  4201 | D:5      | Found a hide-covered altar of Uskayaw.
  4235 | D:5      | Killed Edmund
  4235 | D:5      | Reached skill level 5 in Shields
  4290 | D:5      | Noticed Ijyb
  4302 | D:5      | Killed Ijyb
  4503 | D:5      | Found a shimmering altar of Xom.
  4535 | D:5      | Gained mutation: Armour fits poorly on your strangely
                  | shaped body. [potion of mutation]
  4535 | D:5      | Gained mutation: Your muscles are strong. (Str +2) [potion
                  | of mutation]
  4998 | D:5      | Lost mutation: Armour fits poorly on your strangely shaped
                  | body. [potion of mutation]
  4998 | D:5      | Lost mutation: Your muscles are strong. (Str +2) [potion of
                  | mutation]
  4998 | D:5      | Gained mutation: You tend to lose your temper in combat.
                  | [potion of mutation]
  4998 | D:5      | Gained mutation: You are partially covered in thin metallic
                  | scales. (AC +2) [potion of mutation]
  4998 | D:5      | Gained mutation: You expend magic power (3 MP) to
                  | strengthen your wands. [potion of mutation]
  4998 | D:5      | Gained mutation: You are partially covered in iridescent
                  | scales. (AC +2) [potion of mutation]
  5100 | D:5      | Found a glowing golden altar of the Shining One.
  5155 | D:5      | Found a stormy altar of Qazlal.
  5230 | D:5      | Noticed Eustachio
  5251 | D:5      | Killed Eustachio
  5251 | D:5      | Reached XP level 9. HP: 66/66 MP: 9/9
  5395 | D:6      | Reached skill level 6 in Shields
  5462 | D:6      | Reached skill level 1 in Throwing
  5516 | D:6      | Found a basalt altar of Yredelemnul.
  5546 | D:6      | HP: 3/67 [orc priest/divine providence (11)]
  5965 | D:6      | Reached skill level 5 in Short Blades
  6074 | D:6      | Reached skill level 5 in Fighting
  6297 | D:7      | Found a hazy altar of Hepliaklqana.
  6306 | D:7      | Reached skill level 7 in Shields
  6657 | D:7      | Found a staircase to the Ecumenical Temple.
  6744 | D:7      | Found an iron altar of Okawaru.
  6744 | D:7      | Found a deep blue altar of Sif Muna.
  6827 | D:7      | Found a runed translucent door.
  6828 | D:7      | Noticed Crazy Yiuf
  6839 | D:7      | Killed Crazy Yiuf
  7050 | D:8      | Reached skill level 8 in Shields
  7087 | D:8      | Found a sand-covered staircase.
  7091 | Ossuary  | Entered an ossuary
  7131 | Ossuary  | Reached XP level 10. HP: 74/74 MP: 10/10
  7652 | D:8      | Found a sacrificial altar of Ru.
  8163 | D:8      | Found Kearheot's Assorted Antiques.
  8169 | D:8      | Bought a runed long sword for 175 gold pieces
  8226 | D:8      | Noticed a death yak
  8227 | D:8      | Noticed a death yak
  8231 | D:8      | Noticed a death yak
  8268 | D:8      | Noticed a two-headed ogre
  8645 | D:9      | Reached skill level 1 in Maces & Flails
  8645 | D:9      | Reached skill level 1 in Crossbows
  8645 | D:9      | Reached skill level 1 in Unarmed Combat
  8645 | D:9      | Reached skill level 1 in Evocations
  9058 | D:9      | Reached XP level 11. HP: 57/80 MP: 12/12
  9253 | D:9      | Reached skill level 5 in Long Blades
  9863 | Temple   | Entered the Ecumenical Temple
 10095 | Temple   | Became a worshipper of Gozag Ym Sagoz the Greedy
 10254 | D:10     | Entered Level 10 of the Dungeon
 11154 | D:11     | Noticed Erolcha
 11244 | D:11     | Paralysed by Erolcha for 2 turns
 11258 | D:11     | Paralysed by Erolcha for 7 turns
 11263 | D:11     | Killed Erolcha
 11263 | D:11     | Reached skill level 9 in Shields
 11541 | D:11     | Reached skill level 5 in Dodging
 11544 | D:11     | Noticed a cyan ugly thing
 11949 | D:11     | Got a dazzling morningstar
 11952 | D:11     | Identified the +2 morningstar "Ladiches" {vamp, -Tele Int+3
                  | Dex+5} (You found it on level 11 of the Dungeon)
 12247 | D:11     | Found Pitu's Assorted Antiques.
 12315 | D:11     | Noticed a two-headed ogre
 12322 | D:11     | Killed a two-headed ogre
 12381 | D:11     | Killed a cyan ugly thing
 12493 | D:11     | Noticed a white ugly thing
 12508 | D:11     | Killed a white ugly thing
 12669 | D:11     | Noticed a two-headed ogre
 12684 | D:11     | Killed a two-headed ogre
 12684 | D:11     | Reached XP level 12. HP: 26/87 MP: 13/15
 13182 | D:11     | Identified the Tome of the Boosting Voyage
 13184 | D:11     | Got a smoking scimitar
 13186 | D:11     | Identified the +5 scimitar of Hatred {slice, Str+4 Int+4}
                  | (You found it on level 11 of the Dungeon)
 13490 | D:12     | Found a staircase to the Orcish Mines.
 13518 | Orc:1    | Entered Level 1 of the Orcish Mines
 14040 | Orc:2    | Entered Level 2 of the Orcish Mines
 14040 | Orc:2    | Noticed a two-headed ogre
 14044 | Orc:2    | Noticed a two-headed ogre
 14054 | Orc:1    | Killed a two-headed ogre
 14296 | D:12     | Killed a two-headed ogre
 14509 | Orc:2    | Found a staircase to the Elven Halls.
 14531 | Orc:2    | Noticed an orc high priest
 14551 | Orc:2    | Noticed a sun demon
 14558 | Orc:1    | Killed an orc high priest
 14704 | Orc:2    | Found a roughly hewn altar of Beogh.
 14705 | Orc:2    | Found Qeakk's General Store.
 14839 | D:12     | Reached skill level 5 in Maces & Flails
 15321 | Orc:1    | Reached skill level 5 in Crossbows
 15443 | Orc:2    | Reached skill level 10 in Shields
 15737 | Orc:2    | Found a radiant altar of Vehumet.
 15760 | Orc:2    | Found a roughly hewn altar of Beogh.
 15816 | Orc:2    | Found a roughly hewn altar of Beogh.
 15861 | Orc:2    | Reached skill level 5 in Evocations
 16044 | Orc:2    | Found a roughly hewn altar of Beogh.
 16045 | Orc:2    | Found Rupnuwn's Food Boutique.
 16391 | Orc:2    | Found Wklargh's Whimsical Warehouse.
 16499 | Orc:2    | Found a roughly hewn altar of Beogh.
 16503 | Orc:2    | Reached skill level 5 in Unarmed Combat
 16609 | Orc:2    | Reached XP level 13. HP: 85/93 MP: 16/16
 16829 | Orc:2    | Paralysed by an orc sorcerer for 7 turns
 17007 | Orc:2    | Paralysed by an orc sorcerer for 5 turns
 17368 | Orc:2    | Lost mutation: You tend to lose your temper in combat. [a
                  | neqoxec]
 17484 | Orc:2    | Noticed an orc warlord
 17558 | Orc:2    | Killed an orc warlord
 17656 | Orc:2    | Found Hyujeug's Antique Weapon Boutique.
 17661 | Orc:2    | Found Ojein's Antique Armour Shop.
 17673 | Orc:2    | Found a roughly hewn altar of Beogh.
 17760 | Orc:2    | Bought a ration for 65 gold pieces
 17760 | Orc:2    | Bought a ration for 65 gold pieces
 17760 | Orc:2    | Bought a ration for 65 gold pieces
 17760 | Orc:2    | Bought a ration for 65 gold pieces
 17760 | Orc:2    | Bought a ration for 65 gold pieces
 17760 | Orc:2    | Bought a ration for 65 gold pieces
 17760 | Orc:2    | Bought a ration for 65 gold pieces
 17874 | Orc:2    | Bought a pitted large shield for 266 gold pieces
 17886 | Orc:2    | Identified the +5 large shield of Wauduupimn {rPois Str+4}
                  | (You bought it in a shop on level 2 of the Orcish Mines)
 17891 | Orc:2    | Bought a pair of runed boots for 210 gold pieces
 17915 | Orc:2    | Bought a scorched chain mail for 266 gold pieces
 17929 | Orc:2    | Identified the cursed +0 chain mail of Restlessness {Int+2}
                  | (You bought it in a shop on level 2 of the Orcish Mines)
 18327 | D:12     | Found a portal to a secret trove of treasure.
 18790 | D:12     | Noticed Fannar
 18822 | D:12     | Killed Fannar
 19250 | D:12     | Noticed Azrael
 19696 | D:12     | Killed Azrael
 19700 | D:12     | Reached skill level 11 in Shields
 20029 | D:12     | Found a hazy altar of Hepliaklqana.
 20177 | D:12     | Noticed a seven-headed hydra
 20437 | D:12     | Found a runed translucent door.
 20437 | D:12     | Noticed krixvar's ghost (journeyman MiBe)
 20438 | D:12     | Identified the +3 spear of the Unkillable {drain, Str+2}
 20527 | D:12     | Killed a three-headed hydra
 21631 | D:13     | Reached XP level 14. HP: 101/101 MP: 18/18
 21884 | Orc:2    | Bought jewelled quicksilver dragon scales for 1820 gold
                  | pieces
 21901 | Orc:2    | Identified the quicksilver dragon scales "Jossoq" {rPois
                  | rN+ MR+ Str+2 Int-3} (You bought it in a shop on level 2 of
                  | the Orcish Mines)
 22305 | D:13     | Got a shimmering marble ring
 22306 | D:13     | Identified the ring "Heleelap" {rElec rN++ MP+9 Dex+6} (You
                  | found it on level 13 of the Dungeon)
 23043 | D:14     | Reached skill level 1 in Stealth
 23049 | D:14     | Found a gate to the Vaults.
 23476 | D:14     | Found a gate leading to a gauntlet.
 23485 | Gauntlet | Entered a Gauntlet
 23485 | Gauntlet | Found a transporter.
 23485 | Gauntlet | Found a transporter.
 23485 | Gauntlet | Found a runed translucent door.
 23485 | Gauntlet | Found a runed translucent door.
 23494 | Gauntlet | Found a transporter.
 23498 | Gauntlet | Found a transporter.
 23510 | Gauntlet | Found a transporter.
 23510 | Gauntlet | Found a transporter.
 23518 | Gauntlet | Found a transporter.
 23535 | Gauntlet | Found a transporter.
 23553 | Gauntlet | Found a transporter.
 23554 | Gauntlet | Found a transporter.
 23562 | Gauntlet | Found a transporter.
 23566 | Gauntlet | Found a transporter.
 23651 | Gauntlet | Found a runed translucent door.
 23838 | Gauntlet | Noticed an ironheart preserver
 23849 | Gauntlet | Reached skill level 12 in Shields
 24015 | Gauntlet | Got an ancient hat
 24127 | Gauntlet | Identified the +1 hat of Proximity {Str+3 Stlth-} (You
                  | found it in a Gauntlet)
 24128 | Gauntlet | Noticed a minotaur
 24139 | Gauntlet | Killed a minotaur
 24168 | Gauntlet | Got a transparent falchion
 24172 | Gauntlet | Identified the cursed +1 falchion of the Mouth {drain,
                  | rC+++ Int+4 Dex-4} (You found it in a Gauntlet)
 24181 | Gauntlet | Got an encrusted trident
 24183 | Gauntlet | Identified the +6 trident "Fed Nun" {freeze, rF+} (You
                  | found it in a Gauntlet)
 24434 | D:14     | Found a large runed translucent door.
 24434 | D:14     | Found a large runed translucent door.
 24578 | D:14     | Noticed Frances
 24601 | D:15     | Entered Level 15 of the Dungeon
 25071 | D:15     | Found a staircase to the Depths.
 25071 | D:15     | Noticed a fire giant
 25078 | D:15     | HP: 5/101 [fire giant/bolt of fire (23)]
 25080 | D:15     | Killed from afar by a fire giant

Skill      XL: |  1  2  3  4  5  6  7  8  9 10 11 12 13 14 |
---------------+-------------------------------------------+-----
Dodging        | 1 2 3 4 5 6 7 |  7.8
Long Blades    | 3 4 5 7 8 |  8.6
Armour         | 4 5 6 7 8 |  8.2
Shields        | 4 5 8 9 10 11 12 | 12.4
Short Blades   | 1 2 4 5 6 |  6.8
Fighting       | 4 5 6 |  6.8
Throwing       | 1 |  1.6
Maces & Flails | 2 4 5 6 7 |  7.6
Crossbows      | 2 3 5 6 |  6.9
Unarmed Combat | 2 3 5 6 |  6.7
Evocations     | 2 4 5 6 |  6.7
Stealth        | 1 |  1.0

Action                   |  1- 3 |  4- 6 |  7- 9 | 10-12 | 13-15 || total
-------------------------+-------+-------+-------+-------+-------++-------
Melee: Long sword        |    87 |   128 |       |   443 |    85 ||   743
       Dagger            |       |   100 |   746 |   354 |       ||  1200
       Flail             |       |    11 |       |       |       ||    11
       Short sword       |       |       |       |   125 |       ||   125
       Morningstar       |       |       |       |    52 |       ||    52
       Scimitar          |       |       |       |   400 |   814 ||  1214
Throw: Tomahawk          |       |     1 |     7 |     2 |    36 ||    46
Invok: Potion Petition   |       |       |       |       |     2 ||     2
Evoke: Wand              |       |       |       |       |    11 ||    11
  Use: Scroll            |       |     8 |     2 |     6 |     9 ||    25
       Potion            |       |     1 |     8 |     1 |     2 ||    12
 Stab: Distracted        |       |       |       |     3 |     8 ||    11
  Eat: Ration            |     1 |     5 |     1 |    13 |     9 ||    29
       Chunk             |       |     1 |    10 |       |       ||    11
Armor: Scale mail        |    72 |   116 |    23 |       |       ||   211
       Plate armour      |       |       |   213 |   408 |   177 ||   798
       Chain mail        |       |       |    55 |       |       ||    55
       Skin              |       |       |    12 |       |       ||    12
       Quicksilver drago |       |       |       |       |    85 ||    85
Dodge: Dodged            |    38 |    70 |   139 |   232 |   159 ||   638
Block: Shield            |    71 |   102 |   399 |  1093 |    45 ||  1710
       Reflection        |       |       |     2 |    18 |    22 ||    42
       Large shield      |       |       |       |       |  1099 ||  1099
       Rpst.: Long sword |    13 |    17 |       |    31 |       ||    61
       Scimitar          |       |       |       |    16 |    30 ||    46
